 Dungeon Crawl Stone Soup version 0.31-a0-229-g1fc7ce93e2 (webtiles) character file.

Game seed: 17246185182683627689

78 qw the Shooter (level 4, -3/36 HPs)
             Began as a Minotaur Hexslinger on July 6, 2023.
             Slain by a sleepcap (5 damage)
             ... on level 3 of the Dungeon.
             The game lasted 00:00:42 (1906 turns).

qw the Shooter (Minotaur Hexslinger)                Turns: 1906, Time: 00:00:43

Health: -3/36      AC:  3    Str: 12    XL:     4   Next: 15%
Magic:  0/4        EV: 12    Int: 10    God:
Gold:   88         SH:  0    Dex: 15    Spells: 4/5 levels left

rFire   . . .        Y - +1 sling
rCold   . . .        (no shield)
rNeg    . . .        a - +0 leather armour
rPois   .            (helmet restricted)
rElec   .            (no cloak)
rCorr   .            (no gloves)
SInv    .            (no boots)
Will    .....        b - amulet of guardian spirit
Stlth   +            (no ring)
HPRegen 0.26/turn    (no ring)
MPRegen 0.09/turn

%: guardian spirit
@: no status effects
A: horns 2, retaliatory headbutt
a: no special abilities


You were on level 3 of the Dungeon.
You visited 1 branch of the dungeon, and saw 3 of its levels.

You collected 88 gold pieces.


Innate Abilities, Weirdness & Mutations

You have a pair of horns on your head.
You reflexively headbutt those who attack you in melee.


   Skills:
 - Level 2.0 Fighting
 + Level 4.7 Ranged Weapons
 - Level 2.1 Dodging
 - Level 1.0 Spellcasting
 - Level 2.0 Hexes


You had 4 spell levels left.
You knew the following spells:

 Your Spells              Type           Power      Damage    Failure   Level
a - Slow                  Hex            16%        N/A       19%         1

Your spell library contained the following spells:

 Spells                   Type           Power      Damage    Failure   Level
 Inner Flame              Hex/Fire       2%         N/A       65%         3
 Portal Projectile        Hex/Tloc       4%         N/A       65%         3
 Cause Fear               Hex            2%         N/A       88%         4

Inventory:

Hand Weapons
 Y - a +1 sling (weapon)
Armour
 a - a +0 leather armour (worn)
Jewellery
 b - an amulet of guardian spirit (around neck)
Scrolls
 c - a scroll of identify {unknown}
 h - 2 scrolls of teleportation {unknown}
Potions
 d - a potion of lignification {unknown}
 e - a potion of might {unknown}
 f - a potion of attraction {unknown}
 g - a potion of cancellation
 i - a potion of curing {unknown}

Dungeon Overview and Level Annotations

Branches:
Dungeon (3/15)

Altars:
Gozag


Message History

Enter note:
Enter note:
Enter note: You shoot a sling bullet.
The sling bullet hits the sleepcap.
The sleepcap is lightly damaged.
The sleepcap misses you.
You shoot a sling bullet.
The sling bullet hits the sleepcap but does no damage.
The sleepcap is lightly damaged.
The sleepcap barely misses you. x2; The sleepcap releases spores at you. x2
You are engulfed in a cloud of soporific spores!
You fall asleep.
The sleepcap barely misses you. The sleepcap releases spores at you!
You wake up.
You are engulfed in a cloud of soporific spores!
You are unaffected.
You shoot a sling bullet. The sling bullet hits the sleepcap.
The sleepcap is lightly damaged.
The sleepcap barely misses you. The sleepcap releases spores at you.
You shoot a sling bullet.
The sling bullet hits the sleepcap but does no damage.
The sleepcap is lightly damaged.
The sleepcap barely misses you. x2
You shoot a sling bullet. The sling bullet hits the sleepcap!
The sleepcap is heavily damaged.
The sleepcap releases spores at you but does no damage.
The sleepcap closely misses you.
You shoot a sling bullet. The sling bullet hits the sleepcap!
The sleepcap is severely damaged.
The sleepcap releases spores at you. The sleepcap barely misses you. x2
You furiously retaliate!
You headbutt the sleepcap. The sleepcap releases spores at you!
You shoot a sling bullet. The sling bullet hits the sleepcap.
The sleepcap is almost destroyed.
The sleepcap misses you. The sleepcap releases spores at you.
You are engulfed in a cloud of soporific spores!
You fall asleep.
The sleepcap releases spores at you.
You wake up.
The sleepcap releases spores at you.
You die...

#.# #.#..# 7[
#.# #.# 77.77
#.# #.#
7...7##.####.#
77...77......#.
7.....7#.####.#
7.....7#.#
7'ff77..#
#..@...##
########


You could see 2 sleepcaps.

Vanquished Creatures
  3 worms
  5 dart slugs
  5 ball pythons (D:1)
  7 endoplasms
  3 giant cockroaches
  10 goblins
  2 hobgoblins
  3 jackals (D:1)
  A quokka (D:2)
  4 bats
  7 frilled lizards
  2 kobolds (D:2)
  4 rats
56 creatures vanquished.

Notes
Turn   | Place    | Note
-------+----------+-------------------------------------------
     0 | D:1      | qw the Minotaur Hexslinger began the quest for the Orb.
     0 | D:1      | Reached XP level 1. HP: 16/16 MP: 1/1
     0 | D:1      | 0 ||| qw: Version: 0.3-a-46-gb1f654a
     0 | D:1      | 0 ||| qw: Game counter: 1603
     0 | D:1      | 0 ||| qw: Melee chars always use a shield: true
     0 | D:1      | 0 ||| qw: God list: Okawaru
     0 | D:1      | 0 ||| qw: Allow faded altars: false
     0 | D:1      | 0 ||| qw: Do Orc after clearing Dungeon:15 true
     0 | D:1      | 0 ||| qw: Do second Lair branch before Depths: true
     0 | D:1      | 0 ||| qw: Lair rune preference: random
     0 | D:1      | 0 ||| qw: Goals: Normal
     0 | D:1      | 0 ||| PLANNING D:1-11
     4 | D:1      | 4 ||| Stepping ~*~*~tactically~*~*~ (water).
    81 | D:1      | Reached skill level 3 in Ranged Weapons
    83 | D:1      | Reached XP level 2. HP: 23/23 MP: 2/2
   342 | D:1      | Found a faded altar of an unknown god.
   463 | D:1      | Reached XP level 3. HP: 29/29 MP: 3/3
   626 | D:1      | 626 ||| DROPPING ring of wizardry.
   627 | D:1      | 627 ||| READING scroll labelled KOODU HUNNA.
   628 | D:1      | 628 ||| DRINKING 2 red potions.
   629 | D:1      | 629 ||| DROPPING scroll of poison.
  1189 | D:2      | Found an opulent altar of Gozag.
  1205 | D:2      | Reached skill level 4 in Ranged Weapons
  1508 | D:2      | 1508 ||| UPGRADING to +0 leather armour.
  1518 | D:2      | 1518 ||| DROPPING +0 robe.
  1519 | D:2      | 1519 ||| UPGRADING to amulet of guardian spirit.
  1524 | D:2      | 1524 ||| READING scroll labelled ZECKEGESAX.
  1592 | D:3      | 1592 ||| FLEEEEING.
  1593 | D:3      | 1593 ||| FLEEEEING.
  1594 | D:3      | 1594 ||| FLEEEEING.
  1595 | D:3      | 1595 ||| FLEEEEING.
  1596 | D:3      | 1596 ||| FLEEEEING.
  1597 | D:3      | 1597 ||| FLEEEEING.
  1697 | D:3      | Reached XP level 4. HP: 36/36 MP: 4/4
  1904 | D:3      | HP: 7/36 [sleepcap (6)]
  1905 | D:3      | HP: 3/36 [sleepcap (4)]
  1906 | D:3      | Slain by a sleepcap

Levels and vault maps discovered:
D:1:      lightli_arrival_boilingwater, layout_basic,
          shapermc_ecumenical_altar_gd
D:2:      layout_basic, basic_altar
D:3:      layout_loops_ring, hellmonk_no_cap

Skill      XL: |  1  2  3 |
---------------+----------+-----
Ranged Weapons | 3 4 |  4.7
Fighting       | 2 |  2.0
Dodging        | |  2.1
Spellcasting   | |  1.0
Hexes          | |  2.0

Action                     |  1- 3 |  4- 6 || total
---------------------------+-------+-------++-------
   Fire: Sling             |   116 |    25 ||   141
    Use: Scroll            |     2 |       ||     2
         Potion            |     1 |       ||     1
 Armour: Robe              |     5 |       ||     5
         Leather armour    |     2 |     1 ||     3
  Dodge: Dodged            |    18 |    12 ||    30

Table legend:
 A = Non-vault XP
 B = Vault XP
 C = Vault XP percentage of total XP
 D = Non-vault monster count
 E = Vault monster count
 F = Vault count percentage of total count
                 A         B        C        D         E       F
            +---------+---------+-------+---------+---------+-------
      Total |     112 |       0 |   0.0 |      56 |       0 |   0.0
            +---------+---------+-------+---------+---------+-------
        D:1 |      44 |       0 |   0.0 |      26 |       0 |   0.0
        D:2 |      31 |       0 |   0.0 |      13 |       0 |   0.0
        D:3 |      37 |       0 |   0.0 |      17 |       0 |   0.0
            +---------+---------+-------+---------+---------+-------
